[Event "DSOL-KO 2022"]
[Site "Germany"]
[Date "2022.05.13"]
[Round "2"]
[White "Schroeder, Christoph"]
[Black "Pruefer, Friedbert"]
[Result "1/2-1/2"]
[ECO "B23"]
[WhiteElo "1787"]
[BlackElo "1783"]
[Annotator "NA RC COMBH"]
[PlyCount "72"]
[EventDate "2022.01.31"]
[EventType "team-tourn"]
[EventCountry "GER"]
[SourceTitle "playchess.com"]
[Source "ChessBase"]
[SourceQuality "1"]
[WhiteTeam "SK Johanneum Eppendorf I"]
[BlackTeam "TSG Taucha I"]
[TimeControl "2700+15"]

1. e4 Nc6 2. Nc3 Nd4 3. Nf3 c5 4. Nxd4 cxd4 5. Ne2 e5 6. c3 Qf6 7. d3 Bc5 8. cxd4 exd4 9. a3 Ne7 10. Ng3 O-O 11. Be2 d5 12. O-O Bb6 13. Bf3 Qd6 14. Bd2 Be6 15. Re1 Rfc8 16. exd5 Nxd5 17. Ne4 Qd7 18. Ng5 Bf5 19. Qb3 Nf6 20. Re5 Bg6 21. Rae1 Re8 22. Rxe8+ Rxe8 23. Rxe8+ Qxe8 24. Kf1 h6 25. Nh3 Qd7 26. Nf4 Bf5 27. h3 g5 28. Nh5 Nxh5 29. Bxh5 Bxh3 30. Qxf7+ Qxf7 31. Bxf7+ Kxf7 32. gxh3 Ke6 33. f4 Bd8 34. Ke2 gxf4 35. Bxf4 h5 36. Kf3 Kf5 1/2-1/2

[Event "DSOL-KO 2022"]
[Site "Germany"]
[Date "2022.05.09"]
[Round "2"]
[White "Herzog, Olaf"]
[Black "Henrich, Benno"]
[Result "0-1"]
[ECO "A00"]
[WhiteElo "1785"]
[BlackElo "1467"]
[Annotator "NA COMBH"]
[PlyCount "76"]
[EventDate "2022.01.31"]
[EventType "team-tourn"]
[EventCountry "GER"]
[SourceTitle "playchess.com"]
[Source "ChessBase"]
[SourceQuality "1"]
[WhiteTeam "SV Königsbrück I"]
[BlackTeam "SC Landskrone"]
[TimeControl "2700+15"]

1. Nc3 d5 2. e4 dxe4 3. Nxe4 Bf5 4. Ng3 Bg6 5. Bc4 e6 6. d4 Nf6 7. Nf3 Nbd7 8. c3 Be7 9. O-O O-O 10. Re1 Re8 11. Bf4 a6 12. h3 Rc8 13. Rc1 c5 14. Bd3 Bxd3 15. Qxd3 cxd4 16. cxd4 Nd5 17. Bd2 N7f6 18. a3 b5 19. Ne5 Qb6 20. Rxc8 Rxc8 21. Rc1 Rd8 22. Nc6 Re8 23. Nxe7+ Nxe7 24. Ne4 Ned5 25. g4 Nxe4 26. Qxe4 Nf6 27. Qf4 Rd8 28. Be3 Nd5 29. Qe5 b4 30. g5 a5 31. h4 bxa3 32. bxa3 g6 33. Rc5 a4 34. Bd2 Qb3 35. Ba5 Rf8 36. Qg3 Qd1+ 37. Kg2 Qxd4 38. Rc2 Qe4+ 0-1

[Event "DSOL-KO 2022"]
[Site "Germany"]
[Date "2022.05.09"]
[Round "2"]
[White "Bahr, Torsten"]
[Black "Andresen, Marc"]
[Result "1/2-1/2"]
[ECO "A00"]
[WhiteElo "1782"]
[BlackElo "1856"]
[Annotator "NA RC COMBH"]
[PlyCount "33"]
[EventDate "2022.01.31"]
[EventType "team-tourn"]
[EventCountry "GER"]
[SourceTitle "playchess.com"]
[Source "ChessBase"]
[SourceQuality "1"]
[WhiteTeam "SC Wittstock I"]
[BlackTeam "SC Caissa Falkensee I"]
[TimeControl "2700+15"]

1. Nc3 d5 2. e4 d4 3. Nce2 e5 4. Ng3 Nf6 5. Nf3 Nc6 6. Bb5 Bd6 7. d3 a6 8. Bxc6+ bxc6 9. O-O O-O 10. Qe2 h6 11. Nh4 Nd5 12. Nhf5 Nf4 13. Bxf4 exf4 14. Nxd6 cxd6 15. Nf5 Bxf5 16. exf5 Qg5 17. g4 1/2-1/2

[Event "DSOL-KO 2022"]
[Site "Germany"]
[Date "2022.05.10"]
[Round "2"]
[White "Schulz, Michael"]
[Black "Gerland, Felix"]
[Result "0-1"]
[ECO "A45"]
[WhiteElo "1778"]
[BlackElo "1950"]
[Annotator "TA"]
[PlyCount "108"]
[EventDate "2022.01.31"]
[EventType "team-tourn"]
[EventCountry "GER"]
[SourceTitle "playchess.com"]
[Source "ChessBase"]
[SourceQuality "1"]
[WhiteTeam "SC Zitadelle Spandau"]
[BlackTeam "SK Rinteln I"]
[TimeControl "2700+15"]

1. d4 Nf6 2. Bg5 c5 3. d5 g6 4. Nc3 Bg7 5. e4 O-O 6. Qd2 {A45: Trompowsky Attack.} d6 7. Bh6 e6 8. Bxg7 {White is slightly better.} Kxg7 9. dxe6 Bxe6 10. O-O-O Qa5 11. a3 (11. Qxd6 Nc6 12. a3 Rfd8 $15) (11. h4 $5 ) 11... Nc6 12. Nf3 Rad8 {[#]} 13. Bb5 $146 ({Predecessor:} 13. Ng5 d5 14. exd5 Bxd5 15. Nxd5 Qxd2+ 16. Rxd2 Rxd5 17. Rxd5 Nxd5 18. g3 Nf6 19. Bg2 {1-0 (66) Ponomariov,R (2744)-Eljanov,P (2742) Moscow 2010}) 13... Ne5 14. Ng5 (14. h4 $11) 14... Bc4 $15 15. f4 (15. Bxc4 $15 Nxc4 16. Qd3) 15... Bxb5 $17 {Black is more active.} 16. fxe5 dxe5 17. Qf2 Bc4 18. Qg3 Qc7 (18... Rfe8 $17 {...b5 is the strong threat.} 19. Rxd8 Qxd8) 19. b3 $15 Ba6 20. Nf3 (20. Nd5 $1 $11 Nxd5 21. exd5) 20... Rxd1+ (20... Qa5 $17 21. Nh4 Qxa3+ 22. Kb1 Rde8 23. Nf5+ Kh8) 21. Rxd1 Re8 22. Qg5 Qe7 23. Nh4 $1 Kh8 24. Kb2 ({White should play} 24. Rd2 $1 $15) 24... b6 $36 {[%mdl 2048] Keeping White busy.} 25. Qh6 $2 {[%mdl 8192] Now White is beyond hope.} (25. Qd2 $17 {keeps fighting.}) 25... Ng4 26. Qd2 Qxh4 27. Qd7 Rf8 28. Qxa7 Ne3 ({Weaker is} 28... Nxh2 29. Qxa6 c4 30. Qxc4 $14 (30. Qxb6 cxb3 31. cxb3 Kg7 $11)) 29. Rc1 Bc8 {aiming for ...Qd8.} ({Worse is} 29... Qxh2 30. Qxa6 Nxg2 31. Qxb6 $11) 30. Qxb6 Qe7 ({Not} 30... Qxh2 31. Qxc5 Kg7 32. Qxe3 $16) 31. h3 Be6 32. g4 Rc8 33. Re1 {[#]} Ng2 34. Rd1 Nf4 35. Nd5 $2 (35. Nb5) 35... Bxd5 $19 36. exd5 e4 37. d6 Qe5+ 38. Kb1 Ne6 (38... Nd5 $142 39. Rxd5 Qxd5) 39. Qb7 Rf8 40. Qe7 (40. d7 $142 e3 41. Qd5 Qxd5 42. Rxd5) 40... Kg7 {Threatens to win with ...e3.} 41. d7 Qf6 42. Qd6 Rd8 {And now ...e3 would win.} 43. h4 Qxh4 44. a4 (44. Qe5+ $142 Qf6 45. Qxe4) 44... Qxg4 45. Rf1 Qg5 {Hoping for ...e3.} 46. a5 e3 47. a6 e2 48. Re1 Nd4 {[%cal Od8d7] ( -> ...Rxd7!)} 49. a7 Nb5 50. Qb6 Nxa7 51. Qxa7 Qd2 {[%csl LRd7,LRe1] Black mates.} 52. Qc7 Qxe1+ 53. Kb2 Qh4 54. Qe5+ Qf6 {Weighted Error Value: White=0.60/Black=0.31} 0-1

[Event "DSOL-KO 2022"]
[Site "Germany"]
[Date "2022.05.09"]
[Round "2"]
[White "Bodnar, David"]
[Black "Mercier, David"]
[Result "1-0"]
[ECO "E90"]
[WhiteElo "1748"]
[BlackElo "1845"]
[Annotator "NA COMBH"]
[PlyCount "78"]
[EventDate "2022.01.31"]
[EventType "team-tourn"]
[EventCountry "GER"]
[SourceTitle "playchess.com"]
[Source "ChessBase"]
[SourceQuality "1"]
[WhiteTeam "Findorffer SF"]
[BlackTeam "ESV Rot-Weiß Göttingen III"]
[TimeControl "2700+15"]

1. d4 Nf6 2. Nf3 g6 3. c4 Bg7 4. Nc3 O-O 5. e4 d6 6. Bd3 Nbd7 7. O-O e5 8. d5 Nc5 9. Bc2 a5 10. Bg5 h6 11. Be3 Ng4 12. Bxc5 dxc5 13. Qe2 Nf6 14. Nxe5 Nxd5 15. exd5 Re8 16. f4 f6 17. Bxg6 Re7 18. Nf7 Rxf7 19. Bxf7+ Kxf7 20. f5 Bd7 21. Rae1 Bf8 22. Qh5+ Kg8 23. Qg6+ Bg7 24. Re3 Qf8 25. Rfe1 a4 26. Re7 Rd8 27. Rxd7 Rxd7 28. Re8 Rd8 29. Rxf8+ Rxf8 30. Nxa4 b6 31. Nc3 Kh8 32. Nb5 Rg8 33. Nxc7 Bf8 34. Qxf6+ Bg7 35. Qxb6 Bd4+ 36. Kf1 Rg4 37. Qxh6+ Kg8 38. Ne6 Re4 39. f6 Rh4 1-0

[Event "DSOL-KO 2022"]
[Site "Germany"]
[Date "2022.05.12"]
[Round "2"]
[White "Kasims, Stefans"]
[Black "Schmitt, Carsten"]
[Result "1-0"]
[ECO "C00"]
[WhiteElo "1747"]
[BlackElo "1521"]
[Annotator "NA RC COMBH"]
[PlyCount "65"]
[EventDate "2022.01.31"]
[EventType "team-tourn"]
[EventCountry "GER"]
[SourceTitle "playchess.com"]
[Source "ChessBase"]
[SourceQuality "1"]
[WhiteTeam "SU Ebersberg-Grafing"]
[BlackTeam "SV Bergwinkel I"]
[TimeControl "2700+15"]

1. e4 e6 2. d3 d5 3. Qe2 Be7 4. Nf3 Nf6 5. g3 c5 6. Bg2 Nc6 7. O-O b5 8. e5 Nd7 9. c4 bxc4 10. dxc4 d4 11. h4 Qc7 12. Bf4 O-O 13. a3 a5 14. Nbd2 a4 15. g4 Rb8 16. Rab1 Na5 17. Ng5 h6 18. Ngf3 Ba6 19. h5 Nb6 20. Rfc1 Rfd8 21. g5 d3 22. Qe4 Bb7 23. Qe3 Ba6 24. gxh6 Nbxc4 25. Nxc4 Nxc4 26. Rxc4 Bxc4 27. Nd2 Ba2 28. Qg3 Bf8 29. hxg7 Bxg7 30. h6 f5 31. exf6 Qf7 32. fxg7 Bxb1 33. Be4 1-0

[Event "DSOL-KO 2022"]
[Site "Germany"]
[Date "2022.05.09"]
[Round "2"]
[White "Seitz, Manuel"]
[Black "Matthes, Benjamin"]
[Result "1/2-1/2"]
[ECO "B05"]
[WhiteElo "1745"]
[BlackElo "1525"]
[Annotator "NA COMBH"]
[PlyCount "172"]
[EventDate "2022.01.31"]
[EventType "team-tourn"]
[EventCountry "GER"]
[SourceTitle "playchess.com"]
[Source "ChessBase"]
[SourceQuality "1"]
[WhiteTeam "SC Caissa Falkensee I"]
[BlackTeam "SC Wittstock I"]
[TimeControl "2700+15"]

1. e4 Nf6 2. e5 Nd5 3. d4 d6 4. exd6 cxd6 5. Nf3 Bg4 6. Bc4 Nf6 7. O-O e6 8. Bf4 Be7 9. c3 O-O 10. Nbd2 Nc6 11. h3 Bh5 12. Re1 a6 13. a4 Qd7 14. Nf1 d5 15. Bb3 Ne4 16. g4 Bg6 17. h4 h5 18. Ne5 Nxe5 19. dxe5 Bxh4 20. Be3 hxg4 21. Qxg4 Qe7 22. Re2 Bg5 23. f4 Bf5 24. Qf3 Bh6 25. Rh2 Rac8 26. Ng3 Nxg3 27. Qxg3 Bg6 28. Rc1 d4 29. Bxd4 Rfd8 30. Be3 Kh7 31. Bc2 f5 32. exf6 Qxf6 33. Bd4 Rxd4 34. cxd4 Qxd4+ 35. Qf2 Qxf2+ 36. Rxf2 Bxc2 37. Rfxc2 Rxc2 38. Rxc2 Bxf4 39. Rc4 Be3+ 40. Kg2 e5 41. a5 b6 42. axb6 Bxb6 43. Rc6 Bd4 44. b4 Kg8 45. Rxa6 Kf7 46. b5 Ke7 47. Ra3 Kd7 48. Kf3 Kc7 49. Ra6 Kb7 50. Re6 Kc7 51. Kg4 Kb7 52. Kf5 Kc7 53. Ke4 Kb7 54. Kd5 Kc7 55. Rg6 Bb2 56. Rxg7+ Kb6 57. Kc4 e4 58. Re7 e3 59. Rxe3 Bc1 60. Re6+ Kb7 61. Kd5 Bf4 62. Rc6 Be3 63. Ke6 Bf2 64. Kd7 Bg3 65. Ke8 Bf4 66. Kf7 Bg3 67. Rg6 Bf4 68. Re6 Bg3 69. Kf6 Bf4 70. Kf5 Bg3 71. Ke4 Bf2 72. Kd5 Bg3 73. Rf6 Bh2 74. Kc4 Bg1 75. Rg6 Be3 76. Rg7+ Kb6 77. Re7 Bf2 78. Re8 Bg3 79. Rg8 Bf4 80. Rg4 Be5 81. Rg6+ Kb7 82. Kc5 Bb2 83. Rg3 Bf6 84. Re3 Bd8 85. b6 Bxb6+ 86. Kd5 Bxe3 1/2-1/2

[Event "DSOL-KO 2022"]
[Site "Germany"]
[Date "2022.05.11"]
[Round "2"]
[White "Wissen, Jonas"]
[Black "Seum, Ferdinand"]
[Result "0-1"]
[ECO "D00"]
[WhiteElo "1733"]
[BlackElo "1906"]
[Annotator "TA"]
[PlyCount "70"]
[EventDate "2022.01.31"]
[EventType "team-tourn"]
[EventCountry "GER"]
[SourceTitle "playchess.com"]
[Source "ChessBase"]
[SourceQuality "1"]
[TimeControl "2700+15"]

1. d4 d5 2. Nc3 c6 3. Nf3 Bf5 4. e3 e6 5. Bd3 Bg6 {[#]} 6. e4 $146 {D00: 1 d4 d5: Unusual lines.} ({Predecessor:} 6. Bxg6 hxg6 7. Qd3 f5 8. Ne5 Qg5 9. g3 Qh5 10. Qe2 Qh7 11. Bd2 Nf6 12. O-O-O {0-1 (69) Deleja Hotko,K-Stingl,K (1895) Feffernitz 2010}) 6... dxe4 7. Bxe4 Bd6 8. Be3 {White is slightly better.} Nf6 9. Bg5 Nbd7 10. Qe2 Qb6 11. Qd2 $2 Nxe4 $19 12. Nxe4 Bxe4 13. c3 Bxf3 14. gxf3 f6 15. Bh4 O-O-O 16. Rg1 g5 17. Bg3 {Inhibits Bf4.} Bxg3 18. fxg3 {[#]} Ne5 $3 19. Qe2 Ng6 20. Qxe6+ Kb8 21. Qxf6 $2 (21. O-O-O $19) 21... Rhe8+ 22. Kf1 Qxb2 {[%csl Ge8][%cal Rb2e2] [#]} 23. Re1 {Inhibits Qe2+.} Rxe1+ 24. Kxe1 Re8+ 25. Kd1 Qb1+ 26. Kd2 Qxg1 27. Qd6+ Ka8 28. Qd7 Qe3+ 29. Kc2 Qe6 (29... Qe2+ $142 30. Kb3 Rf8 31. Qg4 Qb5+ 32. Ka3 Qc4 33. Kb2 Re8 34. Qf5 Re2+ 35. Qc2 Rxc2+ 36. Kxc2 Qxa2+ 37. Kd3 Qxh2 38. Kc4 Qxg3 39. d5 cxd5+ 40. Kxd5 b5 41. Kc5 Qc7+ 42. Kd4 Qe5+ 43. Kd3 Nf4+ 44. Kc2 Qe2+ 45. Kb1 Nd3 46. Ka1 Qb2#) 30. Qxh7 Qxa2+ {Black mates.} 31. Kd1 Qb1+ 32. Kd2 Qe1+ 33. Kc2 Re2+ 34. Kb3 Qb1+ 35. Kc4 Qb5# {White did not feel at home in the position after the opening.  Weighted Error Value: White=1.14/Black=0.20 (precise)} 0-1

[Event "DSOL-KO 2022"]
[Site "Germany"]
[Date "2022.05.10"]
[Round "2"]
[White "Filipzik, Bernd"]
[Black "Roth, Niklas"]
[Result "0-1"]
[ECO "B33"]
[WhiteElo "1731"]
[BlackElo "2107"]
[Annotator "TA"]
[PlyCount "98"]
[EventDate "2022.01.31"]
[EventType "team-tourn"]
[EventCountry "GER"]
[SourceTitle "playchess.com"]
[Source "ChessBase"]
[SourceQuality "1"]
[WhiteTeam "SV Lurup Hamburg II"]
[BlackTeam "SF Ochtendung I"]
[TimeControl "2700+15"]

1. e4 c5 2. Nf3 Nc6 3. d4 cxd4 4. Nxd4 Nf6 5. Nc3 e5 6. Nf3 Bb4 7. Bd2 O-O (7... Bxc3 $15 {should be considered.} 8. Bxc3 Nxe4 9. Nxe5 Nxc3 10. Nxc6 dxc6 11. Qxd8+ Kxd8 12. bxc3 Be6) 8. Be2 {B33: Sicilian: Pelikan and Sveshnikov Variations.} (8. Nd5 $11 Bxd2+ 9. Nxd2) 8... Re8 ({Black should play} 8... Bxc3 $17 9. Bxc3 Nxe4) 9. O-O (9. Nd5 $11 Nxd5 10. exd5) 9... Bxc3 $17 10. Bxc3 {[#] Black is clearly better.} Nxe4 $146 ({Predecessor:} 10... d5 11. exd5 Nxd5 12. Bd2 e4 13. Ne1 Qf6 14. c4 Nc7 15. Bc3 Qe7 16. Nc2 Qg5 {½-½ (33) Alekhanov,J (960)-Knuepfer,T (840) Sebnitz 2009}) 11. Bd3 $2 (11. Qd5 $17 {might work better.} Nxc3 12. bxc3) 11... Nxc3 $19 12. bxc3 e4 13. Bc4 exf3 ({Worse is} 13... b5 14. Bxf7+ Kxf7 15. Qd5+ Kg6 16. g4 $11) 14. Qxf3 Ne5 15. Qd5 Nxc4 16. Qxc4 d5 17. Qd4 Be6 18. Rab1 Qc7 19. Qb4 b6 20. Rfe1 Rec8 21. Re3 Qc4 22. Qb2 Rd8 23. Rg3 Rac8 24. Qa3 Qc5 25. Qc1 d4 26. Qh6 Qe5 {[%cal Oe5g3] aiming for ...Qxg3!} 27. f4 {[#]} Qe3+ 28. Rxe3 {Black must now prevent Rg3.} gxh6 29. Rg3+ Kh8 30. Rb5 Rc5 31. Rxc5 bxc5 32. cxd4 cxd4 {[%mdl 4096] Endgame KRB-KR} 33. a3 Bf5 {Prevents Rd3.} 34. Kf2 Bxc2 35. Ke1 d3 36. Kd2 Rg8 {[#] ( -> ...Rxg3)} 37. Rxg8+ Kxg8 {KB-KP. Black mates.} 38. g4 Kg7 39. h4 Kf6 40. Ke3 Ke6 41. a4 f6 42. a5 f5 43. g5 hxg5 44. hxg5 {KB-K3P} Kf7 45. Kd2 Kg6 46. Ke3 Kh5 47. Kd2 Kg4 48. Ke3 Kg3 49. Kd2 Kxf4 {White got outplayed after the opening.  Weighted Error Value: White=0.89/Black=0.23 (precise)} 0-1

[Event "DSOL-KO 2022"]
[Site "Germany"]
[Date "2022.05.11"]
[Round "2"]
[White "Krumschmidt, Michael"]
[Black "Reyes-Mantilla, Andraes Mauricio"]
[Result "0-1"]
[ECO "E30"]
[WhiteElo "1730"]
[BlackElo "1838"]
[Annotator "NA RC COMBH"]
[PlyCount "88"]
[EventDate "2022.01.31"]
[EventType "team-tourn"]
[EventCountry "GER"]
[SourceTitle "playchess.com"]
[Source "ChessBase"]
[SourceQuality "1"]
[TimeControl "2700+15"]

1. d4 Nf6 2. c4 e6 3. Nc3 Bb4 4. Bg5 c5 5. e3 Qa5 6. Bxf6 Bxc3+ 7. bxc3 Qxc3+ 8. Ke2 gxf6 9. Rc1 Qa3 10. Qd2 cxd4 11. exd4 Nc6 12. Nf3 b6 13. Rc3 Qa5 14. g3 Ba6 15. Bg2 d5 16. Rhc1 Rd8 17. Qb2 dxc4 18. Kf1 Nxd4 19. Nxd4 Rxd4 20. Kg1 Ke7 21. Ra3 c3 22. Raxc3 Rhd8 23. Bf3 R8d7 24. Rc7 Qb4 25. Qc2 Bd3 26. Rxd7+ Rxd7 27. Qc8 Be4 28. Be2 Qd2 29. Bb5 Rd8 30. Qc7+ Kf8 31. h4 h5 32. Ba4 Bf3 33. Qc4 Rd4 34. Qc8+ Kg7 35. Bb3 a5 36. Qc7 Rd7 37. Qc3 Be4 38. f3 Bxf3 39. Qxd2 Rxd2 40. Rc7 Kg6 41. Bc2+ f5 42. Bb3 Rg2+ 43. Kf1 Rxg3 44. Re7 Kf6 0-1

[Event "DSOL-KO 2022"]
[Site "Germany"]
[Date "2022.05.10"]
[Round "2"]
[White "Bleisinger, Emil"]
[Black "Lüthje, Max"]
[Result "1-0"]
[ECO "B12"]
[WhiteElo "1727"]
[BlackElo "1551"]
[Annotator "NA RC COMBH"]
[PlyCount "71"]
[EventDate "2022.01.31"]
[EventType "team-tourn"]
[EventCountry "GER"]
[SourceTitle "playchess.com"]
[Source "ChessBase"]
[SourceQuality "1"]
[WhiteTeam "SF Birkenfeld II"]
[BlackTeam "SC Diogenes II"]
[TimeControl "2700+15"]

1. e4 c6 2. d4 d5 3. e5 c5 4. dxc5 Nc6 5. Nc3 Nxe5 6. Qxd5 Qxd5 7. Nxd5 Kd8 8. Bf4 f6 9. O-O-O Bd7 10. Bxe5 fxe5 11. Nf3 e6 12. Nc3 Nf6 13. Nxe5 Kc7 14. Bb5 Bc6 15. Bxc6 bxc6 16. Nf7 Rg8 17. Nd6 Rd8 18. Nce4 Nxe4 19. Nxe4 Be7 20. Rhe1 Rd5 21. c4 Rh5 22. h3 a5 23. Rd3 Re5 24. f4 Rf5 25. g3 e5 26. Nd6 Bxd6 27. cxd6+ Kd7 28. fxe5 Re8 29. Rde3 Re6 30. c5 Rf2 31. R1e2 Rxe2 32. Rxe2 Rg6 33. e6+ Rxe6 34. Rxe6 Kxe6 35. Kd2 g5 36. g4 1-0

[Event "DSOL-KO 2022"]
[Site "Germany"]
[Date "2022.05.11"]
[Round "2"]
[White "Nowak, Maksymilian"]
[Black "Elhart, Marcel"]
[Result "1/2-1/2"]
[ECO "C00"]
[WhiteElo "1720"]
[BlackElo "1762"]
[Annotator "NA RC COMBH"]
[PlyCount "142"]
[EventDate "2022.01.31"]
[EventType "team-tourn"]
[EventCountry "GER"]
[SourceTitle "playchess.com"]
[Source "ChessBase"]
[SourceQuality "1"]
[TimeControl "2700+15"]

1. e4 e6 2. e5 d5 3. exd6 Bxd6 4. Bc4 Nf6 5. Nf3 O-O 6. d4 Re8 7. O-O b6 8. b3 Ba6 9. Qd3 Bxc4 10. Qxc4 c5 11. Be3 Nbd7 12. a3 Rc8 13. Nc3 cxd4 14. Qxd4 Bc5 15. Qd2 Bxe3 16. Qxe3 Ng4 17. Qd4 Ndf6 18. Qxd8 Rexd8 19. Nb5 a6 20. Nbd4 e5 21. Nf5 Rxc2 22. Rac1 Rxc1 23. Rxc1 e4 24. N3d4 Kf8 25. h3 Ne5 26. Ne2 g6 27. Nfg3 Ke7 28. Nc3 Rd3 29. Ncxe4 Nxe4 30. Nxe4 Rxb3 31. Rc7+ Ke6 32. Rb7 Rb1+ 33. Kh2 a5 34. Ng5+ Kf5 35. Nxf7 Nc4 36. Nh6+ Kg5 37. Rxh7 Nxa3 38. Nf7+ Kf6 39. f4 Nc4 40. g4 Rb2+ 41. Kg3 a4 42. g5+ Kf5 43. Nh6+ Ke4 44. Re7+ Kd5 45. f5 a3 46. f6 a2 47. f7 a1=Q 48. f8=Q Qg1+ 49. Kh4 Qd4+ 50. Ng4 Kc6 51. Qf6+ Qxf6 52. gxf6 Nd6 53. Rg7 Nf5+ 54. Kg5 Rb5 55. Kxg6 Nh4+ 56. Kh7 Rh5+ 57. Kg8 Nf5 58. f7 Ne7+ 59. Kf8 Nf5 60. Nf6 Rxh3 61. Rg6 Kb5 62. Ke8 Re3+ 63. Kd7 Rd3+ 64. Ke6 Nd4+ 65. Kd7 Nf5+ 66. Kc7 Rc3+ 67. Kb7 Nd6+ 68. Kb8 Nxf7 69. Nd7 Rc6 70. Rxc6 Kxc6 71. Nxb6 Kxb6 1/2-1/2

[Event "DSOL-KO 2022"]
[Site "Germany"]
[Date "2022.05.09"]
[Round "2"]
[White "Kalina, Lena"]
[Black "Wendorff, Holger"]
[Result "1/2-1/2"]
[ECO "A61"]
[WhiteElo "1718"]
[BlackElo "1770"]
[Annotator "NA COMBH"]
[PlyCount "187"]
[EventDate "2022.01.31"]
[EventType "team-tourn"]
[EventCountry "GER"]
[SourceTitle "playchess.com"]
[Source "ChessBase"]
[SourceQuality "1"]
[WhiteTeam "SC Landskrone"]
[BlackTeam "SV Königsbrück I"]
[TimeControl "2700+15"]

1. d4 Nf6 2. c4 e6 3. Nf3 c5 4. d5 exd5 5. cxd5 d6 6. Nc3 g6 7. e3 a6 8. a4 Bg7 9. Be2 O-O 10. O-O Re8 11. a5 Bg4 12. Nd2 Bxe2 13. Qxe2 Nbd7 14. Nc4 Qc7 15. Rd1 Rad8 16. Qc2 b5 17. axb6 Nxb6 18. Na5 Ra8 19. e4 Nfd7 20. Be3 h6 21. Qe2 Kh7 22. Ra2 Rf8 23. Rda1 Nb8 24. Nc4 Nxc4 25. Qxc4 Qe7 26. Ra5 Ra7 27. Re1 Rb7 28. Bc1 Rb4 29. Qd3 Qe5 30. Ra4 Rb7 31. f4 Qe8 32. Ra1 Rb4 33. Rb1 Qd8 34. Kh1 Qc7 35. Bd2 Re8 36. Qc2 Rb7 37. b3 Nd7 38. Qd3 Qb6 39. Na4 Qb5 40. Qxb5 axb5 41. Nc3 b4 42. Na4 Rc7 43. Rbc1 Rb8 44. Re3 Bd4 45. Rd3 Ra7 46. Be3 Bg7 47. e5 dxe5 48. Nxc5 Nxc5 49. Bxc5 Rc8 50. Rdd1 Rac7 51. Be3 Rxc1 52. Rxc1 Rd8 53. Rd1 exf4 54. Bxf4 Bf8 55. g3 Kg7 56. Kg2 Kf6 57. Kf3 Rd7 58. Rd4 g5 59. Bd2 Ke5 60. Re4+ Kxd5 61. Bxb4 Bg7 62. Be1 f5 63. Ra4 Rd6 64. Ra7 Bd4 65. Ra5+ Ke6 66. b4 Be5 67. Rc5 g4+ 68. Ke2 Bd4 69. Rc8 Kf6 70. Bd2 Kg6 71. Rg8+ Kh7 72. Rc8 Bg1 73. Bf4 Rb6 74. Kf1 Bd4 75. Rc4 Bf6 76. Kg2 Kg6 77. Be3 Rb5 78. Bc5 h5 79. Rc2 h4 80. h3 gxh3+ 81. Kxh3 hxg3 82. Kxg3 Be5+ 83. Kf3 Rb7 84. Rg2+ Kf6 85. Rg8 Rd7 86. Rf8+ Ke6 87. Ke3 Rg7 88. Re8+ Kf6 89. Rf8+ Kg5 90. Kf3 Kg6 91. Be3 Bd6 92. Ra8 Bxb4 93. Ra6+ Kf7 94. Kf4 1/2-1/2

[Event "DSOL-KO 2022"]
[Site "Germany"]
[Date "2022.05.10"]
[Round "2"]
[White "Rehbein, Detlef"]
[Black "van der Veen, Terry"]
[Result "0-1"]
[ECO "A49"]
[WhiteElo "1714"]
[BlackElo "1841"]
[Annotator "NA RC COMBH"]
[PlyCount "140"]
[EventDate "2022.01.31"]
[EventType "team-tourn"]
[EventCountry "GER"]
[SourceTitle "playchess.com"]
[Source "ChessBase"]
[SourceQuality "1"]
[WhiteTeam "SK Rinteln I"]
[BlackTeam "SC Zitadelle Spandau"]
[TimeControl "2700+15"]

1. Nf3 Nf6 2. d4 g6 3. g3 Bg7 4. Bg2 O-O 5. O-O d6 6. b3 c5 7. Bb2 Nc6 8. Qc1 Qc7 9. Nbd2 Bd7 10. c4 a6 11. d5 Na5 12. e4 b5 13. e5 Ng4 14. e6 fxe6 15. Bxg7 Kxg7 16. dxe6 Bc6 17. Qc3+ Nf6 18. Rfe1 Kg8 19. Rad1 Rad8 (19... bxc4 $11 {feels stronger.} 20. bxc4 Rab8) 20. Qe3 (20. Ng5 $1 $14) 20... Kg7 21. Bh3 bxc4 22. bxc4 Bxf3 23. Qxf3 Nc6 24. Qc3 Qa5 25. Rc1 Rb8 (25... Qxa2 $2 26. Ra1 Nb4 27. Rxa2 $18) 26. Bg2 Qxc3 27. Rxc3 {[#]} Nd4 (27... Rb2 $1 $17 28. Bxc6 Rxd2) 28. Nb3 $1 Rb4 29. h3 Nxb3 30. axb3 Rfb8 31. Ree3 a5 32. Bc6 $1 $11 R4b6 33. Bd5 (33. Ba4 $1 $11) 33... Rb4 ({Better is} 33... Nxd5 $17 34. cxd5 Kf6) 34. g4 h6 (34... Nxd5 $19 35. cxd5 Kf6) 35. Kg2 a4 36. bxa4 Rxa4 37. Rf3 Rab4 38. Kg3 Rf8 39. Ra3 Nxd5 40. Rxf8 Kxf8 41. cxd5 c4 42. Ra8+ Kg7 43. Rc8 Kf6 44. f4 $1 g5 $2 (44... c3 $11) 45. Rf8+ Kg7 46. Rc8 $2 (46. Rf7+ $18 Kg8 47. f5 (47. Rxe7 Rb3+ 48. Kg2 gxf4 $18)) 46... Rb3+ 47. Kg2 c3 48. f5 Kf6 49. Kf3 Ke5 50. Kf2 c2 51. Rxc2 Rxh3 52. Kg2 Rd3 53. Rc8 h5 $2 (53... Rxd5 $11 54. Re8 Rd4) 54. Rf8 $11 (54. gxh5 $18 Kxf5 55. Rf8+ Kg4 56. h6) 54... hxg4 $2 (54... Rd2+ $11 55. Kf3 Rxd5) 55. f6 $1 Rd2+ 56. Kg3 Rd3+ 57. Kxg4 Rd4+ 58. Kh5 exf6 59. e7 Kf5 60. Rxf6+ Kxf6 61. e8=N+ Ke7 62. Nc7 Kd7 63. Ne6 Rxd5 64. Nxg5 Kc6 65. Kg4 Rxg5+ 66. Kxg5 Kd5 67. Kf4 Kd4 68. Kf3 Kd3 69. Kf2 Kd2 70. Kf3 {[#]} d5 $1 0-1